AoeStats
← wiz

Arabia

504668061Analyzed
1v1 RM · 27d ago on Sep 6, 2026· 48m 46s· 2 players
Game mode
Random Map
Map size
Tiny (2 player)
Population
200
Speed
Normal
Resources
Standard
Victory
Conquest
Starting age
Dark Age
Ending age
Imperial Age
RankedLock teamsTeams togetherTeam positionsShared explorationLock speedFull tech treeHidden civsTurbo modeCheats
Victory
Defeat
🇮🇳 Goths · India
1004
+16
🇧🇷 Mongols · Brazil
1012
-16
wiz
5:49 Loom
12:09 Feudal Age
13:13 Double-Bit Axe
12:53 Man-at-Arms
16:11 Fletching
18:00 Padded Archer Armor
19:42 Wheelbarrow
23:57 Castle Age
23:12 Scale Barding Armor
23:42 Gold Mining
24:25 Forging
26:04 Bloodlines
30:42 Wheelbarrow
30:08 Town Watch
32:45 Hand Cart
34:09 Husbandry
35:31 Town Patrol
37:26 Iron Casting
36:57 Horse Collar
39:33 Chain Barding Armor
40:14 Scale Mail Armor
43:28 Heavy Plow
46:36 Imperial Age
44:30 Ballistics
44:52 Scale Mail Armor
47:17 Cavalier
iarlyson.santana
6:07 Loom
9:09 Feudal Age
16:28 Double-Bit Axe
16:27 Horse Collar
23:11 Castle Age
23:56 Scale Mail Armor
24:04 Scale Barding Armor
24:15 Bloodlines
25:05 Bloodlines
25:45 Husbandry
26:49 Chain Barding Armor
28:04 Gold Mining
29:22 Forging
30:44 Fletching
32:15 Gold Shaft Mining
32:26 Stone Mining
33:25 Bodkin Arrow
35:52 Padded Archer Armor
37:10 Bow Saw
37:01 Pikeman
38:35 Scale Mail Armor
40:14 Chain Mail Armor
45:19 Imperial Age
47:53 Ballistics
48:31 Leather Archer Armor
48:30 Bracer
Connection lost

Rejoining the realm…

Still unreachable

The connection could not be restored.

Session expired

The server has moved on; the page needs a fresh start.